AoeStats
← Mono_Alum

Nomad

510078930Analyzed
2v2 RM · 3d ago on Sep 29, 2026· 46m 35s· 4 players
Game mode
Random Map
Map size
176×176
Population
200
Speed
Normal
Resources
Standard
Victory
Conquest
Starting age
Dark Age
Ending age
Imperial Age
RankedLock teamsTeams togetherTeam positionsShared explorationLock speedFull tech treeHidden civsTurbo modeCheats
Victory
Defeat
🇲🇾 Armenians · Malaysia
949
+14
🇧🇷 Malay · Brazil
828
+18
🇨🇳 Goths · China
897
-16
🇬🇧 Teutons · United Kingdom
883
-16
HELLBLAZER
7:05 Loom
15:17 Feudal Age
17:01 Wheelbarrow
18:30 Double-Bit Axe
22:01 Castle Age
21:23 Gold Mining
23:31 Medium Warships
24:53 Stone Mining
28:44 Fletching
30:27 Bodkin Arrow
43:25 Imperial Age
47:30 Imperial Age
顺手牵羊
14:05 Feudal Age
14:33 Loom
14:34 Horse Collar
14:41 Double-Bit Axe
21:09 Gold Mining
23:15 Man-at-Arms
24:27 Stone Mining
30:33 Forging
30:24 Scale Mail Armor
32:29 Castle Age
34:44 Fletching
36:29 Heavy Plow
39:40 Bodkin Arrow
Mono_Alum
6:39 Loom
17:19 Feudal Age
17:48 Man-at-Arms
18:33 Long Swordsman
19:40 Fishing Lines
19:46 Double-Bit Axe
20:08 Arson
21:28 Scale Mail Armor
23:17 Fletching
24:39 Town Watch
24:39 Horse Collar
25:29 Town Watch
25:35 Gold Mining
26:44 Forging
28:48 Castle Age
27:55 Forging
27:30 Pikeman
28:03 Stone Mining
30:58 Squires
31:15 Chain Mail Armor
31:33 Bodkin Arrow
33:11 Two-Handed Swordsman
35:32 Murder Holes
36:48 Wheelbarrow
36:21 Padded Archer Armor
36:10 Gambesons
38:13 Iron Casting
37:49 Bow Saw
38:19 Gold Shaft Mining
40:18 Ballistics
41:12 Champion
45:17 Imperial Age
43:17 Masonry
45:29 Leather Archer Armor
48:03 Chemistry
lemuel_db
3:05 Loom
5:18 Loom
14:15 Feudal Age
14:08 Double-Bit Axe
14:07 Fishing Lines
14:44 Gold Mining
14:44 Stone Mining
15:01 Town Watch
15:53 Wheelbarrow
17:09 Man-at-Arms
19:52 Stone Mining
23:58 Castle Age
23:35 Gillnets
24:08 Long Swordsman
25:23 Medium Warships
27:28 Squires
28:29 Stone Shaft Mining
28:29 Gold Shaft Mining
28:07 Bow Saw
28:32 Hand Cart
28:32 Hand Cart
28:03 Town Watch
28:03 Town Watch
29:17 Fletching
29:38 Forging
32:53 Imperial Age
31:19 Bodkin Arrow
31:24 Town Watch
34:02 Forced Levy
34:23 Conscription
34:17 Two-Handed Swordsman
36:30 Conscription
36:29 Arson
37:31 Pikeman
38:13 Horse Collar
40:11 Heavy Plow
43:49 Thalassocracy
45:16 Crop Rotation
45:29 Heavy Warships
46:28 Iron Casting
45:53 Bracer
46:28 Iron Casting
Connection lost

Rejoining the realm…

Still unreachable

The connection could not be restored.

Session expired

The server has moved on; the page needs a fresh start.